 Dungeon Crawl Stone Soup version 0.19-a0-1511-g16f215b (webtiles) character file.

69001 Gruud the Pandemonic (level 14, -2/91 HPs)
             Began as a Demonspawn Gladiator on Sept 9, 2016.
             Was a High Priest of Makhleb.
             Slain by an orc warrior
             ... wielding a +1 war axe of flaming
              (11 damage)
             ... on level 2 of the Orcish Mines on Sept 11, 2016.
             The game lasted 01:48:36 (20410 turns).

Gruud the Pandemonic (Demonspawn Gladiator)        Turns: 20410, Time: 01:48:37

Health: -2/91      AC: 12    Str: 15    XL:     14   Next: 88%
Magic:  0/26       EV: 22    Int: 17    God:    Makhleb [*****.]
Gold:   2062       SH:  0    Dex: 18    Spells: 2 memorised, 6 levels left

rFire  . . .     SeeInvis .       - Unarmed
rCold  + + .     Gourm    .     M - +2 ring mail of Responsibility {rC++ rCorr Int-2 Dex+4}
rNeg   + . .     Faith    .     (no shield)
rPois  +         Spirit   +     c - +0 helmet
rElec  +         Dismiss  .     a - +2 cloak
rCorr  +         Reflect  .     (no gloves)
MR     ++...     Harm     .     l - +0 pair of boots
Stlth  +.........               i - amulet of guardian spirit
                                y - ring "Wiageozu" {MR+ Slay+2}
                                g - ring "Gecetecs" {*Drain rElec rPois rN+ Int+4}

@: repel missiles
A: claws 1, repulsion field 3, powered by pain 3
a: Minor Destruction, Lesser Servant of Makhleb, Major Destruction, Greater
Servant of Makhleb, Renounce Religion


You were on level 2 of the Orcish Mines.
You worshipped Makhleb.
Makhleb was extremely pleased with you.
You were not hungry.

You visited 3 branches of the dungeon, and saw 23 of its levels.
You also visited: Labyrinth and Ice Cave.

You collected 2466 gold pieces.
You spent 404 gold pieces at shops.

Inventory:

Hand Weapons
 b - a +8 longbow of velocity
Missiles
 d - 3 throwing nets (quivered)
 Z - 365 arrows
Armour
 a - a +2 cloak (worn)
 c - a +0 helmet (worn)
 l - a +0 pair of boots (worn)
 M - the +2 ring mail of Responsibility (worn) {rC++ rCorr Int-2 Dex+4}
   (You found it in a labyrinth)

   It affects your intelligence (-2).
   It affects your dexterity (+4).
   It greatly protects you from cold.
   It protects you from acid and corrosion.
 O - a fire dragon hide
Jewellery
 g - the ring "Gecetecs" (left claw) {*Drain rElec rPois rN+ Int+4}
   (You found it in a labyrinth)

   [ring of poison resistance]

   It affects your intelligence (+4).
   It insulates you from electricity.
   It protects you from poison.
   It protects you from negative energy.
   It causes draining when unequipped.
 h - an uncursed ring of see invisible
 i - an amulet of guardian spirit (around neck)
 k - an uncursed ring of protection from cold
 r - an uncursed ring of flight
 w - an uncursed ring of protection from fire
 y - the ring "Wiageozu" (right claw) {MR+ Slay+2}
   (You found it on level 5 of the Dungeon)

   [ring of protection from magic]

   It affects your accuracy and damage with ranged weapons and melee attacks
   (+2).
   It affects your resistance to hostile enchantments.
Wands
 o - a wand of digging (9/24)
 q - a wand of teleportation (3/9)
 G - a wand of paralysis (7/24)
 I - a wand of digging (15/24)
 J - a wand of paralysis (16/24)
 P - a wand of disintegration (2/24)
 Q - a wand of disintegration (5/24)
 S - a wand of disintegration (14/24)
 W - a wand of lightning (4/15)
Scrolls
 t - 2 scrolls of immolation
 E - 2 scrolls of enchant armour
 K - 5 scrolls of amnesia
 L - 7 scrolls of teleportation
 U - 5 scrolls of remove curse
Potions
 e - a potion of invisibility
 m - 5 potions of curing
 n - 6 potions of flight
 p - 2 potions of heal wounds
 s - a potion of cure mutation
 u - 2 potions of mutation
 x - 2 potions of resistance
 z - 2 potions of ambrosia
 A - 2 potions of brilliance
 F - 2 potions of might
 T - a potion of beneficial mutation
 V - a potion of cancellation
 X - a potion of magic
Books
 C - a Necronomicon

   Spells                             Type                      Level
   a - Haunt                          Necromancy/Summoning         7
   b - Borgnjor's Revivification      Necromancy                   8
   c - Death's Door                   Charms/Necromancy            8
   d - Infestation                    Necromancy                   8
   e - Necromutation                  Transmutation/Necromancy     8
 H - a book of Dreams

   Spells                             Type                      Level
   a - Ensorcelled Hibernation        Hexes/Ice                    2
   b - Silence                        Hexes/Air                    5
   c - Darkness                       Hexes                        6
   d - Shadow Creatures               Summoning                    6
 Y - a book of the Sky

   Spells                             Type                      Level
   a - Summon Lightning Spire         Summoning/Air                4
   b - Airstrike                      Air                          4
   c - Silence                        Hexes/Air                    5
   d - Deflect Missiles               Charms/Air                   6
   e - Conjure Ball Lightning         Conjuration/Air              6
   f - Tornado                        Air                          9
Miscellaneous
 D - a phial of floods
Comestibles
 f - 8 bread rations
 j - 2 chunks of flesh
 v - 10 meat rations
 B - 11 royal jellies
 N - 18 fruits


   Skills:
 * Level 2.4 Fighting
   Level 3.8 Long Blades
 - Level 1.7 Throwing
 + Level 1.0 Armour
 + Level 11.0 Dodging
 + Level 16.6 Unarmed Combat
 + Level 17.3 Invocations


You had 6 spell levels left.
You knew the following spells:

 Your Spells              Type           Power        Failure   Level  Hunger
a - Regeneration          Chrm/Necr      #.........   96%         3    ####...
b - Animate Dead          Necr           N/A          100%        4    #####..


Dungeon Overview and Level Annotations

Branches:
Dungeon (15/15)            Temple (0/1) D:7            Lair (6/6) D:8
  Swamp (0/4) Lair:2       Spider (0/4) Lair:2        Slime (0/5) Lair:5
    Orc (2/2) D:12
    Elf: Orc:2       Vaults: D:13-14     Depths: D:15

Altars:
Dithmenos
Elyvilon
Gozag
Makhleb
Nemelex Xobeh
Okawaru
Ru
Trog

Shops:
D:8 *   D:14 [   Orc:2 :*

Portals:
Trove: D:12 (show slimy rune of Zot)

Annotations:
D:10 Sonja
D:14 nublet's ghost, adept KoCK
Lair:2 exclusion: oklob plant, Fannar
Orc:2 junb69's ghost, journeyman TeGl


Innate Abilities, Weirdness & Mutations

You have sharp fingernails.
You are surrounded by a strong repulsion field. (EV +4, RMsl)
You are powered by pain.


Message History

Your ufetubus barely misses junb69's ghost.
Your ufetubus hits junb69's ghost but does no damage.
Your ufetubus misses junb69's ghost.
The orc warrior closely misses your neqoxec.
Your ufetubus closely misses junb69's ghost. x2
Your ufetubus hits junb69's ghost but does no damage.
Your ufetubus barely misses junb69's ghost.
Your neqoxec hits the orc warrior. Your ynoxinul hits junb69's ghost.
Junb69's ghost hits your ufetubus!! Junb69's ghost burns your ufetubus.
Your ufetubus dies!
Your ufetubus closely misses junb69's ghost.
Your ufetubus hits junb69's ghost but does no damage.
The orc warrior closely misses your neqoxec.
Your neqoxec hits the orc warrior!
The orc warrior dies!
Makhleb accepts your kill. Junb69's ghost hits your ynoxinul.
Junb69's ghost burns your ynoxinul.
Your ynoxinul gestures.
The orc warrior hits you with a war axe of flaming!
You die...

...##........# #...........o.
...###.......## #55...........
.....##.......#####35......o..P
...<..............W)5#.#.......
#................53.##.##......
#.........#.........#### ......
.........###......5..# .#...
.........#######o.#### .. ..
.........#.#.#)#@.# .. .
............#.#..## ...
....###.....####.#
....##.......#.###
..#####.........#
.##.##.........##
.(#(.........### ...........###
..[.........##


You could see an orc warrior, junb69's ghost, a friendly neqoxec, a friendly
ynoxinul, a friendly crimson imp, a friendly white imp and 3 friendly ufetubi.

Vanquished Creatures
  A stone giant (D:12)
  A minotaur (Lab)
  2 ice dragons (IceCv)
  4 hydras
  A death knight (D:12)
  A catoblepas (Lair:6)
  3 centaur warriors (D:14)
  The ghost of Charly the Grappler, a novice CeTm of Ashenzari (D:12)
  An ogre mage (D:12)
  3 death yaks (Lair:6)
  An orc high priest (Orc:1)
  Urug (D:12)
  Nergalle (Lair:4)
  An unseen horror (D:14)
  5 hill giants
  A phantasmal warrior (D:12)
  Pikel (D:4)
  5 orc knights
  A deep elf mage (D:12)
  2 manticores (Lair:6)
  A griffon (Lair:6)
  An ugly thing (D:14)
  4 orc sorcerers
  3 cyclopes
  6 black mambas
  A centaur zombie (D:14)
  2 ice statues (IceCv)
  2 elephants (Lair:6)
  An eye of devastation (Lair:5)
  A torpor snail (Lair:2)
  4 spiny frogs
  2 komodo dragons (Lair:6)
  An efreet (D:13)
  2 freezing wraiths
  4 kobold demonologists (D:13)
  A demonic crawler (Lair:2)
  3 rime drakes
  An ice devil (Lair:5)
  A tengu conjurer (D:13)
  A minotaur zombie (Lab)
  4 two-headed ogres (D:12)
  6 trolls
  23 blink frogs
  2 dream sheep (Lair:6)
  2 redbacks (Lab)
  24 yaks
  2 wyverns (Lair:6)
  A water elemental (D:14)
  A wraith (D:13)
  Eustachio (D:4)
  2 hungry ghosts
  2 basilisks
  11 hippogriffs
  A steam dragon (Lair:6)
  Edmund (D:5)
  A vampire mosquito (D:14)
  2 wargs (Orc:2)
  3 mottled dragons
  6 swamp worms (Lair:2)
  12 water moccasins
  2 soldier ants
  8 porcupines
  25 orc warriors
  20 ice beasts
  2 swamp drakes (Lair:6)
  A necrophage (D:8)
  3 sky beasts
  3 wasps
  A slave (D:4)
  An eye of draining (Lair:5)
  15 ogres
  8 centaurs
  7 wolves (Lair:1)
  13 crocodiles
  11 giant frogs
  4 big kobolds
  7 scorpions
  8 killer bees
  4 wights (D:14)
  3 electric eels (Lair:2)
  3 howler monkeys
  4 crimson imps
  A quasit (D:5)
  A giant frog zombie (D:12)
  7 hounds
  A gnoll shaman (D:8)
  11 orc priests
  4 centaur skeletons
  4 jellies
  11 iguanas
  15 orc wizards
  12 worker ants
  A killer bee zombie (D:3)
  A hound zombie (D:5)
  A worker ant zombie (D:5)
  6 gnolls
  10 adders
  35 river rats
  A shadow imp (D:7)
  An ooze (D:4)
  3 adder skeletons
  4 worms
  2 dart slugs
  7 giant geckos
  60 orcs
  A ball python (D:3)
  6 giant cockroaches
  5 goblins
  8 hobgoblins
  24 jackals
  4 quokkas
  A ball python skeleton (D:4)
  15 bats
  A giant newt (D:3)
  29 kobolds
  2 quokka skeletons (D:6)
  A quokka zombie (D:5)
  13 rats
  2 fungi
650 creatures vanquished.

Vanquished Creatures (collateral kills)
  An orc warlord (D:12)
  A fire dragon (Lair:6)
  Snorg (D:13)
  A death knight (D:13)
  An orc high priest (Orc:2)
  An unseen horror (D:13)
  2 hill giants
  An orc knight (D:12)
  A deep elf mage (D:13)
  An ugly thing (D:13)
  An elephant (Lair:6)
  A spiny frog (Lair:6)
  A rime drake (Lair:6)
  A kobold demonologist (D:13)
  2 freezing wraiths (D:13)
  An ice devil (Lair:5)
  A blink frog (Lair:6)
  2 wraiths (D:12)
  2 steam dragons
  A warg (Orc:2)
  A soldier ant (D:13)
  A water moccasin (Lair:6)
  A phantom (D:13)
  5 orc warriors
  A centaur (D:12)
  A big kobold (D:13)
  A killer bee (D:9)
  2 orc priests
  An orc wizard (D:11)
  A worker ant (D:12)
  2 orcs (D:13)
  3 kobolds
44 creatures vanquished.

Vanquished Creatures (others)
  2 slaves (D:4)
  A hound (D:4)
  An orc priest (Orc:2)
  5 fungi
  5 plants
14 creatures vanquished.

Grand Total: 708 creatures vanquished

Notes
Turn   | Place    | Note
-------+----------+-------------------------------------------
     0 | D:1      | Gruud the Demonspawn Gladiator began the quest for the Orb.
     0 | D:1      | Reached XP level 1. HP: 16/16 MP: 1/1
   144 | D:2      | Gained mutation: You are surrounded by a mild repulsion field. (EV +2) [demonic ancestry]
   144 | D:2      | Reached XP level 2. HP: 22/22 MP: 2/2
   392 | D:1      | Gained mutation: You have sharp fingernails. [demonic ancestry]
   392 | D:1      | Reached XP level 3. HP: 21/27 MP: 3/3
   782 | D:1      | Reached skill level 1 in Unarmed Combat
   905 | D:2      | Found a burning altar of Makhleb.
   921 | D:2      | Reached XP level 4. HP: 20/33 MP: 4/4
  1039 | D:2      | Became a worshipper of Makhleb the Destroyer
  1461 | D:3      | Reached * piety under Makhleb
  1497 | D:3      | Gained mutation: You are surrounded by a moderate repulsion field. (EV +3) [demonic ancestry]
  1497 | D:3      | Reached XP level 5. HP: 38/38 MP: 5/5
  1683 | D:3      | Found a white marble altar of Elyvilon.
  1683 | D:3      | Found a bloodstained altar of Trog.
  2295 | D:3      | You fall through a shaft for 3 floors!
  2295 | D:6      | Found an opulent altar of Gozag.
  2295 | D:6      | Found a sparkling altar of Nemelex Xobeh.
  2295 | D:6      | Noticed an ogre
  2301 | D:6      | Killed an ogre
  2301 | D:6      | Reached XP level 6. HP: 44/44 MP: 6/6
  2402 | D:5      | Entered Level 5 of the Dungeon
  2665 | D:5      | Found a burning altar of Makhleb.
  2793 | D:5      | Reached skill level 5 in Unarmed Combat
  2813 | D:4      | Found an iron altar of Okawaru.
  2813 | D:4      | Noticed Edmund
  2869 | D:5      | Killed Edmund
  2991 | D:4      | Gained mutation: You sometimes gain a little power by taking damage. [demonic ancestry]
  2991 | D:4      | Reached XP level 7. HP: 43/50 MP: 5/7
  3203 | D:4      | Noticed Eustachio
  3267 | D:4      | Noticed Pikel
  3278 | D:4      | Killed Pikel
  3363 | D:4      | Gained mutation: You are surrounded by a strong repulsion field. (EV +4, RMsl) [demonic ancestry]
  3363 | D:4      | Reached XP level 8. HP: 56/56 MP: 8/8
  3478 | D:4      | Killed Eustachio
  3779 | D:5      | Reached ** piety under Makhleb
  3814 | D:5      | Got a twitching turquoise ring
  3816 | D:5      | Identified the ring "Wiageozu" {MR+ Slay+2} (You found it on level 5 of the Dungeon)
  5156 | D:7      | Found a sacrificial altar of Ru.
  5343 | D:7      | Reached skill level 10 in Unarmed Combat
  5433 | D:7      | Reached XP level 9. HP: 61/61 MP: 9/9
  5797 | D:7      | Found a staircase to the Ecumenical Temple.
  6116 | D:8      | Learned a level 3 spell: Regeneration
  6221 | D:8      | Found Feqepaps's Changing Room.
  6230 | D:8      | Bought a potion of lignification for 36 gold pieces
  6309 | D:8      | Reached *** piety under Makhleb
  6432 | D:8      | Found a staircase to the Lair.
  6498 | D:8      | Reached skill level 1 in Invocations
  6502 | D:8      | Reached skill level 2 in Invocations
  6506 | D:8      | Paralysed by a wasp for 2 turns
  6861 | D:9      | Reached skill level 3 in Invocations
  6988 | D:9      | Learned a level 4 spell: Animate Dead
  7074 | D:9      | Reached XP level 10. HP: 48/67 MP: 9/12
  7088 | D:9      | Reached skill level 4 in Invocations
  7274 | D:9      | Reached **** piety under Makhleb
  7289 | D:9      | Found a shadowy altar of Dithmenos.
  7361 | D:9      | Got an encrusted leather armour
  7372 | D:9      | Identified the +3 leather armour of Bitterness {rC+ rCorr Str+2 Int+3} (You found it on level 9 of the Dungeon)
  7469 | D:10     | Entered Level 10 of the Dungeon
  7476 | D:10     | Noticed Snorg
  7552 | D:11     | Noticed a four-headed hydra
  7559 | D:11     | Killed a four-headed hydra
  7562 | D:11     | Upgraded the game from 0.19-a0-1493-gd0fcaa6 to 0.19-a0-1498-g0b85ae9
  7618 | D:11     | Noticed a hill giant
  7628 | D:11     | Killed a hill giant
  7777 | D:11     | Noticed a hill giant
  7792 | D:11     | Killed a hill giant
  7792 | D:11     | Reached skill level 5 in Dodging
  7828 | D:11     | Noticed a hill giant
  7836 | D:11     | Killed a hill giant
  7912 | D:12     | Reached XP level 11. HP: 72/72 MP: 14/14
  8632 | D:12     | Noticed a phantasmal warrior
  8658 | D:12     | HP: 2/72 [freezing wraith[a death knight] (8)]
  8785 | Lair:1   | Entered Level 1 of the Lair of Beasts
  9097 | Lair:1   | Identified a scroll of acquirement
  9633 | Lair:2   | Noticed an oklob plant
  9792 | Lair:2   | Found a hole to the Spider Nest.
  9853 | Lair:2   | Reached ***** piety under Makhleb
  9864 | Lair:2   | Noticed Fannar
  9876 | Lair:3   | Found a labyrinth entrance.
  9909 | Lab      | Entered a labyrinth
 10541 | Lab      | Noticed a minotaur
 10553 | Lab      | Killed a minotaur
 10553 | Lab      | Reached skill level 5 in Invocations
 10592 | Lab      | Got an encrusted leather armour
 10592 | Lab      | Got a shimmering ring mail
 10608 | Lab      | Identified the +0 leather armour of the Tundras {+Inv rN+} (You found it in a labyrinth)
 10618 | Lab      | Identified the +2 ring mail of Responsibility {rC++ rCorr Int-2 Dex+4} (You found it in a labyrinth)
 10643 | Lab      | Got a brightly glowing wooden ring
 10645 | Lab      | Identified the ring "Gecetecs" {*Drain rElec rPois rN+ Int+4} (You found it in a labyrinth)
 10929 | Lair:3   | Reached skill level 6 in Invocations
 11608 | Lair:4   | Reached skill level 15 in Unarmed Combat
 11645 | Lair:4   | Reached skill level 7 in Invocations
 11645 | Lair:4   | Gained mutation: You sometimes gain power by taking damage. [demonic ancestry]
 11645 | Lair:4   | Reached XP level 12. HP: 78/78 MP: 15/17
 11685 | Lair:4   | Noticed Nergalle
 11741 | Lair:4   | Killed Nergalle
 11772 | Lair:4   | Reached skill level 8 in Invocations
 12366 | Lair:5   | Found a frozen archway.
 12379 | Lair:5   | Reached skill level 9 in Invocations
 12387 | IceCv    | Entered an ice cave
 12498 | IceCv    | Reached skill level 10 in Invocations
 12665 | IceCv    | Noticed an ice dragon
 12665 | IceCv    | Noticed an ice dragon
 12697 | IceCv    | Killed an ice dragon
 12714 | IceCv    | Killed an ice dragon
 12973 | Lair:5   | Found a staircase to the Slime Pits.
 13002 | Lair:5   | Reached skill level 11 in Invocations
 13421 | Lair:6   | Entered Level 6 of the Lair of Beasts
 13700 | Lair:6   | Identified the Reference Book on Boosting Venom
 13943 | Lair:6   | Gained mutation: You are powered by pain. [demonic ancestry]
 13943 | Lair:6   | Reached XP level 13. HP: 83/83 MP: 19/21
 13983 | Lair:6   | Reached skill level 12 in Invocations
 14279 | Lair:6   | Reached skill level 13 in Invocations
 14555 | Lair:6   | Noticed a fire dragon
 14914 | Lair:6   | Reached skill level 14 in Invocations
 14926 | Lair:6   | Killed a fire dragon
 15405 | Lair:2   | Found a staircase to the Swamp.
 15594 | D:10     | Noticed Sonja
 15655 | D:12     | Found a portal to a secret trove of treasure.
 15719 | D:12     | Noticed Charly's ghost (novice CeTm)
 15734 | D:12     | Killed Charly's ghost
 15992 | D:12     | Found a staircase to the Orcish Mines.
 16191 | Orc:1    | Entered Level 1 of the Orcish Mines
 16193 | Orc:1    | Noticed a stone giant
 16319 | D:13     | Reached skill level 15 in Invocations
 16454 | D:13     | Reached skill level 10 in Dodging
 16454 | D:13     | Reached XP level 14. HP: 90/90 MP: 25/25
 16486 | D:13     | Killed Snorg
 17598 | D:14     | Reached skill level 16 in Invocations
 17986 | D:15     | Entered Level 15 of the Dungeon
 18015 | D:14     | Found Agecel's Antique Armour Boutique.
 18053 | D:14     | Bought a pair of boots for 85 gold pieces
 18058 | D:14     | Bought a dazzling scale mail for 171 gold pieces
 18070 | D:14     | Identified the +6 scale mail of Dusidwus {+Inv Slay+2} (You bought it in a shop on level 14 of the Dungeon)
 18168 | D:14     | Noticed nublet's ghost (adept KoCK)
 18268 | Orc:1    | Noticed Urug
 18281 | D:12     | Reached ****** piety under Makhleb
 18291 | D:12     | Upgraded the game from 0.19-a0-1498-g0b85ae9 to 0.19-a0-1511-g16f215b
 18683 | D:12     | Killed a stone giant
 18709 | D:12     | Killed Urug
 19009 | Orc:2    | Entered Level 2 of the Orcish Mines
 19040 | Orc:2    | Found Avis's General Store.
 19359 | Orc:1    | Reached skill level 17 in Invocations
 19462 | Orc:2    | Bought a potion of invisibility for 112 gold pieces
 19798 | Orc:2    | Found Keimuser's Book Shop.
 19957 | Orc:2    | Noticed an orc warlord
 20020 | D:12     | Killed an orc warlord
 20376 | Orc:2    | Reached skill level 1 in Armour
 20383 | Orc:2    | Noticed junb69's ghost (journeyman TeGl)
 20410 | Orc:2    | Slain by an orc warrior

Vault maps used:
D:1:      eino_arrival_water_cross
D:2:      first_bread, makhleb_blood_cavern_becter
D:3:      amethyst_overflow_temple_binary, wad_floor_pattern_untrapped,
          minmay_ruptured
D:4:      okawaru_ov_weapons_minmay, uniq_eustachio, uniq_edmund, uniq_pikel
D:5:      basic_altar, minmay_misc_feat_tiny, minmay_statues_item
D:6:      grunt_temple_overflow_opulence
D:7:      nicolae_ru_awakened_eye
D:8:      dpeg_oklobed_lair, hangedman_pestilent_swarm,
          nicolae_transmutations_shop
D:9:      nicolae_dithmenos_the_darkroom
D:10:     minmay_tree_intersection, uniq_snorg, uniq_sonja
D:11:     st_stairs_5
D:12:     david_orc_2, nicolae_trove_entry_columns
D:13:     minmay_misc_feat_chi, st_stairs_13
D:14:     grunt_vaults_entry_tiered, serial_shops, nicolae_shop_statue_plus,
          nicolae_lava_and_water, minmay_hollow_rounded_squares, uniq_nessos
D:15:     grunt_enter_depths_hoard, minivault_11, tgw_sif, uniq_roxanne
Lair:1:   patterned_corridor
Lair:2:   minmay_lair_oklob_chamber, nicolae_swamp_entry_splash_gauntlet,
          nicolae_spider_entry_non_spiders, st_stairs_11, guppyfry_lair_drakes,
          uniq_fannar
Lair:3:   lab_entry_generic, minivault_24, lemuel_fruit_tree
Lair:4:   bh_autumn_forest_stairs, grunt_megastairs_2, uniq_nergalle
Lair:5:   minmay_slime_entry_eyes, portal_ice_cave_demonic_guard
Lair:6:   hangedman_lair_in_review, guppyfry_lair_end_dragon, st_stairs_5
Orc:1:    serial_shops, shop, nicolae_orc_sculptors_studio,
          kennysheep_orc_chapel, uniq_urug, uniq_erolcha, uniq_gastronok
Orc:2:    grunt_orc_gardens, grunt_orc_garden, grunt_orc_garden,
          grunt_orc_garden, grunt_orc_garden, minmay_orc_temple_a
Lab:      labyrinth_hidden_loot, nicolae_lab_stuck, nicolae_lab_hexagon,
          labyrinth_skeletal_remains, lab_statue
IceCv:    ice_cave_small_dragons

Skill      XL: |  1  2  3  4  5  6  7  8  9 10 11 12 13 14 |
---------------+-------------------------------------------+-----
Long Blades    | 3 |  3.8
Unarmed Combat | 2 3 4 6 8 10 12 13 15 16 | 16.6
Invocations    | 3 4 7 11 15 17 | 17.3
Dodging        | 5 7 8 10 11 | 11.0
Armour         | 1 |  1.0
Fighting       | |  2.4
Throwing       | |  1.7

Action                   |  1- 3 |  4- 6 |  7- 9 | 10-12 | 13-15 || total
-------------------------+-------+-------+-------+-------+-------++-------
Melee: Long sword        |   166 |   173 |       |       |       ||   339
       Punch             |       |     2 |    25 |    62 |   100 ||   189
       Unarmed           |       |   115 |   408 |   867 |   987 ||  2377
Invok: Lesser Servant of |       |       |     2 |    14 |    22 ||    38
       Greater Servant o |       |       |       |       |     6 ||     6
Evoke: Wand              |       |       |     8 |       |     7 ||    15
       Phial of floods   |       |       |       |       |     1 ||     1
  Use: Scroll            |       |     6 |    17 |    15 |    10 ||    48
       Potion            |       |     3 |       |     8 |     1 ||    12
 Stab: Sleeping          |     1 |       |       |     4 |       ||     5
       Paralysed         |       |       |     3 |       |       ||     3
       Distracted        |       |       |       |     3 |     5 ||     8
       Confused          |       |       |       |       |     1 ||     1
  Eat: Chunk             |       |     7 |    12 |    20 |    17 ||    56
       Beef jerky        |       |       |     1 |     1 |     5 ||     7
       Pizza             |       |       |       |     1 |       ||     1
Armor: Ring mail         |    38 |    75 |    99 |    89 |   163 ||   464
       Leather armour    |     5 |       |       |    32 |       ||    37
       Plate armour      |    19 |       |       |       |       ||    19
Dodge: Dodged            |   105 |   197 |   259 |   688 |   920 ||  2169
       Deflected         |       |       |       |     8 |    24 ||    32
